 Dungeon Crawl Stone Soup version 0.24-a0-417-g1cce26a4d2 (webtiles) character file.

Game seed: 14395491637052187564

2107 Gargoyl the Agent of Entropy (level 9, -17/72 HPs)
             Began as a Centaur Abyssal Knight on June 10, 2019.
             Was a Priest of Lugonu.
             Killed from afar by a steam dragon (22 damage)
             ... with a ball of steam
             ... on level 7 of the Dungeon.
             The game lasted 00:09:52 (7722 turns).

Gargoyl the Agent of Entropy (CeAK)                 Turns: 7722, Time: 00:09:54

Health: -17/72     AC:  8    Str: 16    XL:     9   Next: 7%
Magic:  13/13      EV: 10    Int: 11    God:    Lugonu [***...]
Gold:   190        SH:  3    Dex: 11    Spells: 8/8 levels left

rFire    . . .     SeeInvis .   a - +1 hand axe
rCold    + . .     Gourm    .   (no shield)
rNeg     . . .     Faith    .   i - +0 ring mail
rPois    .         Spirit   .   (no helmet)
rElec    .         Reflect  +   (no cloak)
rCorr    .         Harm     .   b - +1 pair of gloves
MR       +....                  (no barding)
Stlth    ..........             d - +3 amulet of reflection
HPRegen  0.22/turn              h - ring of protection from cold
MPRegen  0.13/turn              r - ring of protection from magic

@: very quick
A: large, hooves 3, deformed body, speed 2, tough skin 3
a: Depart the Abyss, Bend Space, Banish, Renounce Religion


You were on level 7 of the Dungeon.
You worshipped Lugonu.
Lugonu was most pleased with you.
You were not hungry.

You visited 1 branch of the dungeon, and saw 7 of its levels.
You visited the Abyss 1 time.

You collected 190 gold pieces.

Inventory:

Hand Weapons
 a - a +1 hand axe (weapon)
Armour
 b - a +1 pair of gloves (worn)
 i - a +0 ring mail (worn)
Jewellery
 d - a +3 amulet of reflection (around neck)
 h - a ring of protection from cold (left hand)
 r - a ring of protection from magic (right hand)
Wands
 o - a wand of disintegration (9)
Scrolls
 l - a scroll of identify
 m - 2 scrolls of fear
 n - 2 scrolls of magic mapping
Potions
 e - 3 potions of lignification {unknown}
 f - 3 potions of curing
 g - a potion of brilliance
 j - a potion of flight {unknown}
 k - a potion of ambrosia {unknown}
 p - a potion of haste
Comestibles
 c - 9 rations


   Skills:
 + Level 4.7 Fighting
 + Level 5.1 Axes
 + Level 1.7 Throwing
 * Level 5.3 Armour
 * Level 3.9 Dodging
 * Level 5.5 Invocations
 + Level 0.3 Evocations


You had 8 spell levels left.
You didn't know any spells.
Your spell library contained the following spells:

 Spells                   Type           Power        Failure   Level  Hunger
 Animate Skeleton         Necr           N/A          54%         1    ##.....
 Apportation              Tloc           #.....       54%         1    ##.....
 Confusing Touch          Hex            #.....       54%         1    ##.....
 Summon Small Mammal      Summ           #...         54%         1    ##.....


Dungeon Overview and Level Annotations

Branches:
Dungeon (7/15)             Temple (0/1) D:7

Altars:
Gozag
Kikubaaqudgha
Ru
Sif Muna
Xom

Shops:
D:6 [

Annotations:
D:5 stonage's ghost, novice OpAr
Abyss:1 Harold


Innate Abilities, Weirdness & Mutations

You have hooves in place of feet.
Armour fits poorly on your strangely shaped body.
You cover ground very quickly.
You have extremely tough skin. (AC +3)


Message History

You slash the bullfrog!
The bullfrog hits you but does no damage.
The bullfrog hits you.
* * * LOW HITPOINT WARNING * * *
The steam dragon barely misses you.
The steam dragon claws you but does no damage.
Press: ? - help, Shift-Dir - straight line, f - steam dragon
Aim: a steam dragon (heavily wounded, catching its breath, chance to defeat MR: 83%)
You fail to use your ability.
The bullfrog barely misses you.
The steam dragon bites you but does no damage.
The steam dragon claws you but does no damage.
Press: ? - help, Shift-Dir - straight line, f/p - steam dragon
Aim: a steam dragon (heavily wounded, chance to defeat MR: 83%)
You fail to use your ability.
The bullfrog hits you but does no damage.
The bullfrog hits you.
* * * LOW HITPOINT WARNING * * *
The steam dragon breathes steam at you. The ball of steam hits you!!
You die...

##.#.# #....# .....
....# ......### ..#
%......# ..####
...$..## #....#
#.#..#(## ###.##
##.#.....# ###.###
#......=.##
##..#.####.....D@.(####
#......##......F......#
..........#.##........#
..........#..........##
....................##
............###.#...#
...................##
####P.#####....P...# #
#..# #######..#


You could see a steam dragon and a bullfrog.

Vanquished Creatures
  Grinder (D:3)
  Menkaure (D:7)
  A sky beast (D:7)
  2 phantoms (D:6)
  An ogre (D:5)
  Blork the orc (D:4)
  A big kobold (D:7)
  A bullfrog (D:7)
  4 wights (D:6)
  A centaur skeleton (D:4)
  A quasit (D:5)
  A bullfrog skeleton (D:7)
  3 orc priests (D:5)
  A hound (D:7)
  4 orc wizards
  An iguana (D:5)
  3 worker ants
  A hound skeleton (D:5)
  A gnoll (D:1)
  5 adders
  A shadow imp (D:4)
  An adder skeleton (D:6)
  5 worms
  4 dart slugs
  4 leopard geckos (D:2)
  7 orcs
  2 ball pythons
  3 giant cockroaches
  8 goblins
  8 hobgoblins
  8 jackals
  13 kobolds
  9 bats
  5 frilled lizards
  A leopard gecko skeleton (D:5)
  A quokka zombie (D:5)
  10 rats
125 creatures vanquished.

Vanquished Creatures (others)
  A hippogriff (D:7)
1 creature vanquished.

Grand Total: 126 creatures vanquished

Notes
Turn   | Place    | Note
-------+----------+-------------------------------------------
     0 | Abyss:1  | Gargoyl the Centaur Abyssal Knight began the quest for the
                  | Orb.
     0 | Abyss:1  | Reached XP level 1. HP: 19/19 MP: 2/2
   136 | Abyss:1  | Noticed a raiju
   137 | D:1      | Escaped the Abyss
   231 | D:1      | Reached * piety under Lugonu
   346 | D:1      | Reached XP level 2. HP: 24/26 MP: 3/3
   433 | D:1      | Reached skill level 1 in Dodging
   739 | D:1      | Reached XP level 3. HP: 22/31 MP: 4/4
  1599 | D:2      | Reached XP level 4. HP: 38/38 MP: 5/5
  1741 | D:2      | Reached ** piety under Lugonu
  2955 | D:3      | Found a deep blue altar of Sif Muna.
  3021 | D:3      | Reached XP level 5. HP: 46/46 MP: 7/7
  3087 | D:3      | Reached *** piety under Lugonu
  3538 | D:3      | Found an opulent altar of Gozag.
  3553 | D:3      | Noticed Grinder
  3717 | D:3      | Killed Grinder
  3717 | D:3      | Reached XP level 6. HP: 33/52 MP: 8/8
  3970 | D:4      | Noticed Blork the orc
  3984 | D:4      | Killed Blork the orc
  4773 | D:5      | Entered Level 5 of the Dungeon
  4781 | D:5      | Reached XP level 7. HP: 42/58 MP: 9/9
  4904 | D:5      | Found a transporter.
  4910 | D:5      | Noticed stonage's ghost (novice OpAr)
  4937 | D:5      | Found a transporter.
  6342 | D:6      | Found Hopt's Antique Armour Shop.
  6420 | D:6      | Reached XP level 8. HP: 37/67 MP: 11/11
  6429 | D:6      | Reached skill level 1 in Throwing
  6999 | D:7      | Found a shimmering altar of Xom.
  7074 | D:7      | Found a sacrificial altar of Ru.
  7091 | D:7      | Noticed Menkaure
  7093 | D:7      | Found an ancient bone altar of Kikubaaqudgha.
  7103 | D:7      | Killed Menkaure
  7397 | D:7      | Noticed a hippogriff
  7401 | D:7      | Banished a hippogriff
  7592 | D:7      | Found a staircase to the Ecumenical Temple.
  7595 | D:7      | Noticed Harold
  7599 | D:7      | Banished Harold
  7599 | D:7      | Reached skill level 5 in Axes
  7599 | D:7      | Reached skill level 5 in Armour
  7599 | D:7      | Reached skill level 5 in Invocations
  7599 | D:7      | Reached XP level 9. HP: 72/72 MP: 7/13
  7722 | D:7      | Killed from afar by a steam dragon

Levels and vault maps discovered:
D:1:      onia_arrival_mini_maze, layout_basic, serial_bayou,
          serial_bayou_pond_a, serial_bayou_shore_b, serial_bayou_ford_a,
          serial_bayou_lake_a, serial_bayou_pond_c, minmay_misc_feat_ornament
D:2:      wad_river_or_something, layout_basic
D:3:      layout_loops_cross, overflow_temple_1_default, first_ration,
          grunt_gozag_statues, uniq_grinder
D:4:      layout_basic, uniq_blork_the_orc
D:5:      layout_loops_ring, gammafunk_ghost_stat_death
D:6:      layout_loops_cross, serial_shops,
          nicolae_shop_temple_entry_statues_fountains
D:7:      corexii_shack_village, layout_cave_pools, xom_teletrap_fun,
          kiku_gazebo_garden_becter, temple_fountains, the_bakery,
          nicolae_ru_awakened_eye, uniq_harold, uniq_menkaure

Skill      XL: |  1  2  3  4  5  6  7  8 |
---------------+-------------------------+-----
Dodging        | 1 2 3 |  3.9
Axes           | 2 3 4 5 |  5.1
Armour         | 2 3 4 5 |  5.3
Invocations    | 3 4 5 |  5.5
Fighting       | 4 |  4.7
Throwing       | 1 |  1.7
Evocations     | |  0.3

Action                   |  1- 3 |  4- 6 |  7- 9 || total
-------------------------+-------+-------+-------++-------
Melee: Hand axe          |    80 |   143 |   247 ||   470
       Kick              |    12 |    37 |    57 ||   106
Throw: Boomerang         |       |     2 |    17 ||    19
Invok: Depart the Abyss  |     1 |       |       ||     1
       Banish            |       |       |     4 ||     4
Evoke: Wand              |       |       |     2 ||     2
  Use: Potion            |     3 |     2 |     4 ||     9
       Scroll            |     2 |     5 |     4 ||    11
  Eat: Chunk             |     1 |     9 |       ||    10
       Ration            |       |       |     3 ||     3
Armor: Leather armour    |    23 |    34 |       ||    57
       Ring mail         |       |    23 |   117 ||   140
Dodge: Dodged            |    30 |    65 |   133 ||   228
Block: Other             |    17 |    20 |    32 ||    69
       Reflection        |     4 |       |       ||     4

Table legend:
 A = Non-vault XP
 B = Vault XP
 C = Vault XP percentage of total XP
 D = Non-vault monster count
 E = Vault monster count
 F = Vault count percentage of total count
                 A         B        C        D         E       F
            +---------+---------+-------+---------+---------+-------
      Total |    1879 |    1132 |  37.6 |     113 |      14 |  11.0
            +---------+---------+-------+---------+---------+-------
        D:1 |      57 |       0 |   0.0 |      22 |       0 |   0.0
        D:2 |      77 |      29 |  27.4 |      23 |       9 |  28.1
        D:3 |      87 |     277 |  76.1 |      18 |       1 |   5.3
        D:4 |     117 |     100 |  46.1 |      10 |       1 |   9.1
        D:5 |     378 |      45 |  10.6 |      15 |       1 |   6.2
        D:6 |     625 |       0 |   0.0 |      13 |       0 |   0.0
        D:7 |     538 |     681 |  55.9 |      12 |       2 |  14.3
            +---------+---------+-------+---------+---------+-------
